 Dungeon Crawl Stone Soup version 0.29.0-4-gdea44cf6ec (webtiles) character file.

Game seed: 15475464958838550491

650 qw the Cleaver (level 7, 0/61 HPs)
             Began as a Minotaur Berserker on Sept 8, 2022.
             Was a Priest of Trog.
             Slain by a water moccasin (2 damage)
             ... on level 5 of the Dungeon.
             The game lasted 00:01:28 (4701 turns).

qw the Cleaver (Minotaur Berserker)                 Turns: 4701, Time: 00:01:28

Health: 0/61       AC:  9    Str: 23    XL:     7   Next: 28%
Magic:  6/6        EV:  8    Int:  4    God:    Trog [***...]
Gold:   33         SH:  0    Dex: 10    Spells: 6/6 levels left

rFire   . . .      SeeInvis .   Y - +1 war axe
rCold   . . .      Faith    .   (no shield)
rNeg    + . .      Spirit   .   b - +0 chain mail
rPois   .          Reflect  .   (helmet restricted)
rElec   .          Harm     .   (no cloak)
rCorr   .          Rampage  .   (no gloves)
Will    .....                   (no boots)
Stlth   ..........              (no amulet)
HPRegen 0.20/turn               e - ring of positive energy
MPRegen 0.10/turn               (no ring)

@: on berserk cooldown, slowed, very slow
A: horns 2, retaliatory headbutt
a: Renounce Religion, Berserk, Trog's Hand


You were on level 5 of the Dungeon.
You worshipped Trog.
Trog was most pleased with you.
You visited 1 branch of the dungeon, and saw 5 of its levels.

You collected 137 gold pieces.
You spent 104 gold pieces at shops.


Innate Abilities, Weirdness & Mutations

You have a pair of horns on your head.
You reflexively headbutt those who attack you in melee.


   Skills:
 - Level 5.0 Fighting
 + Level 9.4 Axes
 - Level 3.1 Armour
 - Level 2.1 Dodging


You had 6 spell levels left.
You didn't know any spells.
Your spell library was empty.

Inventory:

Hand Weapons
 h - a +0 flail
 Y - a +1 war axe (weapon)
Missiles
 k - 4 boomerangs (quivered)
Armour
 b - a +0 chain mail (worn)
Jewellery
 e - a ring of positive energy (left hand)
 i - a ring of fire
Scrolls
 c - 3 scrolls of identify
 g - a scroll of teleportation

Dungeon Overview and Level Annotations

Branches:
Dungeon (5/15)
 Temple: D:4-7

Altars:
Makhleb
Ru
Vehumet
Zin

Shops:
D:3 ?


Message History

As you read the scroll of teleportation, it crumbles to dust.
You feel strangely unstable.
The orc priest hits you but does no damage.
You hear some strange, mumbled words.
A magic dart appears from out of thin air!
The magic dart hits you.
The orc priest hits you with a +0 hand axe.
Something hits you but does no damage.
You barely miss the orc priest. Your headbutt misses the orc priest.
The orc priest is moderately wounded.
You completely miss something. Something hits you but does no damage.
The orc priest hits you with a +0 hand axe.
You barely miss the orc priest. Your headbutt misses the orc priest.
The orc priest is moderately wounded.
You closely miss something.
Your surroundings suddenly seem different.
An ogre, a hound, 3 gnolls and an orc come into view.
Found a viscous purple potion.
The hound barks!
The gnoll shouts! x2
The hound stops to sniff the ground.
The gnoll closely misses you. You furiously retaliate!
You headbutt the gnoll!
The gnoll hits you but does no damage. x2
Enter note:
4700 ||| READING 2 scrolls of teleportation.
As you read the scroll of teleportation, it crumbles to dust.
You feel strangely unstable. The hound bites you.
The gnoll hits you with a +0 spear. The gnoll hits you with a +0 club.
The hound bites you but does no damage.
You hit the gnoll.
You kill the gnoll!
Trog accepts your kill.
You hit the gnoll. You barely miss the ogre. You barely miss the gnoll.
You slash the hound!
Your surroundings suddenly seem different.
A water moccasin, an iguana and a hound come into view.
Found a glowing silver altar of Zin.
The iguana hisses angrily.
The hound barks!
The water moccasin bites you.
You die...

#...)..#
####g........
#####.##.. #
#### ##...##
#...S@#
#.....l.#
....._h....
##.......##..
##.....## .#
##...## #
####


You could see a water moccasin, an iguana and a hound.

Vanquished Creatures
  An ogre (D:4)
  A scorpion (D:4)
  A crimson imp (D:4)
  An orc priest (D:5)
  A hound (D:3)
  An iguana (D:4)
  4 orc wizards
  Natasha (thrice) (D:2)
  4 adders
  10 gnolls
  2 worms
  A dart slug (D:3)
  4 orcs (D:4)
  11 bats
  7 endoplasms
  7 goblins
  9 hobgoblins
  4 jackals
  6 kobolds
  A quokka (D:2)
  8 ball pythons
  5 frilled lizards
  7 rats
99 creatures vanquished.

Vanquished Creatures (others)
  9 plants (D:3)
9 creatures vanquished.

Grand Total: 108 creatures vanquished

Notes
Turn   | Place    | Note
-------+----------+-------------------------------------------
     0 | D:1      | qw the Minotaur Berserker began the quest for the Orb.
     0 | D:1      | Reached XP level 1. HP: 19/19 MP: 0/0
     0 | D:1      | 0 ||| qw: Version: 0.1-a-112-g44dc6cd
     0 | D:1      | 0 ||| qw: Game counter: 6861
     0 | D:1      | 0 ||| qw: Always use a shield: true
     0 | D:1      | 0 ||| qw: Do Orc after D:15 true
     0 | D:1      | 0 ||| qw: Do second Lair branch before Depths: true
     0 | D:1      | 0 ||| qw: Lair rune preference: random
     0 | D:1      | 0 ||| qw: Plans: Normal
     0 | D:1      | 0 ||| PLANNING D:1-11
    85 | D:1      | Reached skill level 4 in Axes
   146 | D:1      | Reached XP level 2. HP: 26/26 MP: 1/1
   361 | D:1      | 361 ||| Stepping ~*~*~tactically~*~*~ (stealth).
   451 | D:1      | Reached skill level 5 in Axes
   495 | D:1      | Reached ** piety under Trog
   602 | D:1      | Reached XP level 3. HP: 31/31 MP: 2/2
   794 | D:1      | 794 ||| Stepping ~*~*~tactically~*~*~ (stealth).
   795 | D:1      | 795 ||| Stepping ~*~*~tactically~*~*~ (stealth).
   967 | D:1      | 967 ||| READING scroll labelled ZEINGA ENYNAL.
  1102 | D:1      | 1102 ||| READING scroll labelled GEOZXO KOKIPH.
  1107 | D:1      | 1107 ||| READING 2 scrolls labelled YNOLER WYTAI.
  1208 | D:1      | 1208 ||| DROPPING scroll of silence.
  1281 | D:2      | 1281 ||| SWAPPING to +0 war axe.
  1282 | D:2      | 1282 ||| DROPPING +0 hand axe.
  1304 | D:2      | Noticed Natasha
  1306 | D:2      | 1306 ||| FLEEEEING.
  1307 | D:2      | 1307 ||| FLEEEEING.
  1308 | D:2      | 1308 ||| FLEEEEING.
  1310 | D:2      | 1310 ||| STAIRDANCE
  1421 | D:1      | 1421 ||| DROPPING orb of wrath.
  1426 | D:2      | 1426 ||| INVOKING Berserk.
  1430 | D:2      | Killed Natasha
  1431 | D:2      | Reached skill level 6 in Axes
  1431 | D:2      | Reached XP level 4. HP: 39/39 MP: 3/3
  1637 | D:2      | Found a faded altar of an unknown god.
  1762 | D:2      | Noticed Natasha
  1763 | D:2      | 1763 ||| Stepping ~*~*~tactically~*~*~ (stealth).
  1766 | D:2      | 1766 ||| INVOKING Berserk.
  1769 | D:2      | Killed Natasha
  1776 | D:2      | Noticed Natasha
  1777 | D:2      | 1777 ||| Stepping ~*~*~tactically~*~*~ (hiding).
  1778 | D:2      | 1778 ||| Stepping ~*~*~tactically~*~*~ (hiding).
  1783 | D:2      | Killed Natasha
  2085 | D:2      | 2085 ||| Stepping ~*~*~tactically~*~*~ (stealth).
  2269 | D:2      | 2269 ||| UPGRADING to +0 ring mail.
  2279 | D:2      | 2279 ||| DROPPING +0 animal skin.
  2280 | D:2      | 2280 ||| UPGRADING to ring of positive energy.
  2281 | D:2      | 2281 ||| READING 4 scrolls labelled VITTOH HOANUT ERU.
  2282 | D:2      | 2282 ||| READING scroll labelled COTEME HUSYUR.
  2283 | D:2      | 2283 ||| READING scroll labelled TOSADGH CUXZEO.
  2284 | D:2      | 2284 ||| READING 3 scrolls of identify.
  2284 | D:2      | 2284 ||| IDENTIFYING coppery potion
  2285 | D:2      | 2285 ||| READING 2 scrolls of identify.
  2285 | D:2      | 2285 ||| IDENTIFYING blue potion
  2286 | D:2      | 2286 ||| DROPPING potion of magic.
  2326 | D:3      | 2326 ||| Stepping ~*~*~tactically~*~*~ (stealth).
  2338 | D:3      | 2338 ||| Stepping ~*~*~tactically~*~*~ (stealth).
  2343 | D:3      | Reached skill level 7 in Axes
  2343 | D:3      | Reached XP level 5. HP: 45/45 MP: 4/4
  2388 | D:3      | Found Sassein's Magic Scroll Shop.
  2389 | D:3      | Found a glowing silver altar of Zin.
  2395 | D:3      | 2395 ||| BUYING 3 scrolls of identify (78 gold).
  2395 | D:3      | Bought 3 scrolls of identify for 78 gold pieces
  2395 | D:3      | 2395 ||| BUYING scroll of identify (26 gold).
  2395 | D:3      | Bought a scroll of identify for 26 gold pieces
  2395 | D:3      | 2395 ||| SHOPLISTING scroll of identify (26 gold, have 1).
  2420 | D:3      | 2420 ||| Stepping ~*~*~tactically~*~*~ (stealth).
  2424 | D:3      | 2424 ||| INVOKING Berserk.
  2669 | D:3      | Found a sacrificial altar of Ru.
  2728 | D:3      | 2728 ||| INVOKING Berserk.
  2823 | D:3      | 2823 ||| DROPPING +0 club.
  3150 | D:3      | 3150 ||| DRINKING 2 emerald potions.
  3254 | D:3      | 3254 ||| READING 5 scrolls of identify.
  3254 | D:3      | 3254 ||| IDENTIFYING fizzy grey potion
  3255 | D:3      | 3255 ||| READING 4 scrolls of identify.
  3255 | D:3      | 3255 ||| IDENTIFYING inky potion
  3256 | D:3      | 3256 ||| DROPPING potion of brilliance.
  3257 | D:3      | 3257 ||| DROPPING potion of berserk rage.
  3258 | D:3      | 3258 ||| DROPPING potion of degeneration.
  3290 | D:4      | 3290 ||| Stepping ~*~*~tactically~*~*~ (stealth).
  3294 | D:4      | Reached *** piety under Trog
  3302 | D:4      | 3302 ||| Stepping ~*~*~tactically~*~*~ (stealth).
  3303 | D:4      | 3303 ||| Stepping ~*~*~tactically~*~*~ (stealth).
  3304 | D:4      | 3304 ||| Stepping ~*~*~tactically~*~*~ (stealth).
  3305 | D:4      | 3305 ||| Stepping ~*~*~tactically~*~*~ (stealth).
  3318 | D:4      | Reached skill level 8 in Axes
  3318 | D:4      | Reached XP level 6. HP: 43/52 MP: 5/5
  3522 | D:4      | 3522 ||| INVOKING Berserk.
  3678 | D:4      | 3678 ||| DROPPING +2 mace of holy wrath.
  3733 | D:4      | 3733 ||| INVOKING Berserk.
  3735 | D:4      | Reached skill level 9 in Axes
  4041 | D:4      | Found a burning altar of Makhleb.
  4041 | D:4      | Found a radiant altar of Vehumet.
  4109 | D:4      | 4109 ||| Stepping ~*~*~tactically~*~*~ (stealth).
  4111 | D:4      | 4111 ||| Stepping ~*~*~tactically~*~*~ (hiding).
  4118 | D:4      | 4118 ||| INVOKING Berserk.
  4128 | D:4      | 4128 ||| DRINKING potion of curing.
  4128 | D:4      | 4128 ||| (to cure confusion)
  4130 | D:4      | Reached XP level 7. HP: 60/60 MP: 6/6
  4617 | D:4      | 4617 ||| UPGRADING to +0 chain mail.
  4627 | D:4      | 4627 ||| DROPPING +0 ring mail.
  4628 | D:4      | 4628 ||| READING scroll labelled WIOBRODAIR.
  4629 | D:4      | 4629 ||| READING scroll labelled KAWIHEN YNNYM.
  4663 | D:5      | Entered Level 5 of the Dungeon
  4665 | D:5      | 4665 ||| Stepping ~*~*~tactically~*~*~ (hiding).
  4673 | D:5      | 4673 ||| INVOKING Berserk.
  4673 | D:5      | HP: 20/91 [orc priest/divine providence (10)]
  4681 | D:5      | HP: 14/91 [orc wizard/+0 dagger (3)]
  4683 | D:5      | HP: 3/61 [orc wizard/+0 dagger (2)]
  4684 | D:5      | 4684 ||| DRINKING 2 potions of heal wounds.
  4686 | D:5      | Reached skill level 3 in Armour
  4691 | D:5      | HP: 15/61 [something (2)]
  4692 | D:5      | 4692 ||| DRINKING potion of heal wounds.
  4696 | D:5      | HP: 12/61 [orc priest/+0 hand axe (4)]
  4697 | D:5      | 4697 ||| READING 3 scrolls of teleportation.
  4700 | D:5      | 4700 ||| READING 2 scrolls of teleportation.
  4700 | D:5      | HP: 5/61 [gnoll/+0 spear (1)]
  4700 | D:5      | HP: 2/61 [gnoll/+0 club (3)]
  4701 | D:5      | Found a glowing silver altar of Zin.
  4701 | D:5      | Slain by a water moccasin

Levels and vault maps discovered:
D:1:      scummos_arrival_simple_fountains, layout_basic
D:2:      layout_basic, chequers_ecumenical_altar_simple, minivault_24,
          kennysheep_generic_room_11, uniq_natasha
D:3:      layout_basic, mainiacjoe_overflow_catch_the_wave, serial_shops, shop,
          nicolae_grassy_gnolls
D:4:      layout_basic, grunt_temple_overflow_lords_of_destruction
D:5:      layout_loops_ring, ebering_ghost_reflecting_pool, kennysheep_diamond,
          dilly_guarded_unrand_devastator

Skill      XL: |  1  2  3  4  5  6  7 |
---------------+----------------------+-----
Axes           | 4 5 6 7 8 9 |  9.4
Fighting       | 4 5 |  5.0
Armour         | 3 |  3.1
Dodging        | |  2.1

Action                   |  1- 3 |  4- 6 |  7- 9 || total
-------------------------+-------+-------+-------++-------
Melee: Hand axe          |    64 |       |       ||    64
       Headbutt          |     6 |    21 |     4 ||    31
       War axe           |     7 |   101 |    34 ||   142
Throw: Boomerang         |       |    20 |     8 ||    28
Invok: Berserk           |     1 |     6 |     1 ||     8
  Use: Scroll            |     3 |     7 |     4 ||    14
       Potion            |       |     2 |     2 ||     4
Armor: Animal skin       |     7 |     8 |       ||    15
       Ring mail         |       |    14 |     2 ||    16
       Chain mail        |       |       |    25 ||    25
Dodge: Dodged            |    35 |    53 |    17 ||   105

Table legend:
 A = Non-vault XP
 B = Vault XP
 C = Vault XP percentage of total XP
 D = Non-vault monster count
 E = Vault monster count
 F = Vault count percentage of total count
                 A         B        C        D         E       F
            +---------+---------+-------+---------+---------+-------
      Total |     818 |     126 |  13.3 |      93 |       6 |   6.1
            +---------+---------+-------+---------+---------+-------
        D:1 |      50 |       0 |   0.0 |      32 |       0 |   0.0
        D:2 |     109 |      34 |  23.8 |      18 |       2 |  10.0
        D:3 |     139 |      42 |  23.2 |      20 |       3 |  13.0
        D:4 |     356 |      50 |  12.3 |      18 |       1 |   5.3
        D:5 |     164 |       0 |   0.0 |       5 |       0 |   0.0
            +---------+---------+-------+---------+---------+-------
